 Dungeon Crawl Stone Soup version 0.23.0-28-g6fe0f4d (webtiles) character file.

Game seed: 84644948709779534

290 Kairos the Chopper (level 6, -1/32 HPs)
             Began as a Vine Stalker Fighter on Feb 25, 2019.
             Slain by a two-headed ogre
             ... wielding a +0 giant club
              (8 damage)
             ... on level 4 of the Dungeon.
             The game lasted 00:04:13 (2489 turns).

Kairos the Chopper (Vine Stalker Fighter)           Turns: 2489, Time: 00:04:14

Health: -1/32      AC:  9    Str: 21    XL:     6   Next: 32%
Magic:  0/7        EV:  7    Int:  8    God:
Gold:   248        SH:  9    Dex: 13    Spells: 5/5 levels left

rFire    + . .     SeeInvis .   z - +2 hand axe (venom)
rCold    + . .     Gourm    .   c - +0 shield
rNeg     + . .     Faith    .   A - +1 scale mail {rN+}
rPois    .         Spirit   +   (no helmet)
rElec    .         Reflect  .   m - scarf {rC+ rF+}
rCorr    .         Harm     .   g - +0 pair of gloves
MR       +....                  (no boots)
Stlth    ..........             x - amulet of regeneration
HPRegen  0.90/turn              v - ring of protection from magic
MPRegen  0.10/turn              (no ring)

@: no status effects
A: fangs 2, regeneration 1, magic shield, antimagic bite, no potion heal 3, rot
immunity
a: no special abilities


You were on level 4 of the Dungeon.
You were not hungry.

You visited 1 branch of the dungeon, and saw 4 of its levels.

You collected 248 gold pieces.

Inventory:

Hand Weapons
 a - a +0 war axe
 z - a +2 hand axe of venom (weapon)
Armour
 b - a +0 scale mail
 c - a +0 shield (worn)
 g - a +0 pair of gloves (worn)
 m - a scarf of resistance (worn)
 A - a +1 scale mail of positive energy (worn)
Jewellery
 v - a ring of protection from magic (left hand)
 x - an amulet of regeneration (around neck)
Wands
 y - a wand of acid (6)
Scrolls
 i - a scroll of identify {unknown}
 o - a scroll of immolation {unknown}
 p - a scroll of magic mapping {unknown}
 r - 3 scrolls of teleportation {unknown}
 t - a scroll of enchant armour {unknown}
 u - a scroll of blinking {unknown}
Potions
 d - a potion of might
 e - a potion of resistance {unknown}
 h - 2 potions of mutation {unknown}
 j - a potion of magic {unknown}
 k - 2 potions of haste {unknown}
 l - a potion of heal wounds {unknown}
 n - 3 potions of curing {unknown}
 q - 3 potions of agility {unknown}
 s - 2 potions of ambrosia {unknown}
 w - a potion of degeneration {unknown}
Comestibles
 f - 6 rations


   Skills:
 + Level 3.2 Fighting
 + Level 4.0 Axes
 + Level 3.2 Armour
 + Level 0.4 Dodging
 + Level 3.9 Shields
 + Level 0.3 Evocations


You had 5 spell levels left.
You didn't know any spells.
Your spell library was empty.

Dungeon Overview and Level Annotations

Branches:
Dungeon (4/15)
 Temple: D:4-7

Altars:
Cheibriados
Kikubaaqudgha
Qazlal


Innate Abilities, Weirdness & Mutations

You have extremely sharp teeth.
Your natural rate of healing is unusually fast.
When hurt, damage is shared between your health and your magic reserves.
Your bite disrupts and absorbs the magic of your enemies.
Potions cannot restore your health.
You are immune to rotting.


Message History

A two-headed ogre comes into view.
It is wielding a +0 giant club and a -3 giant club.
The two-headed ogre shouts in stereo!
You barely miss the two-headed ogre.
You bite the two-headed ogre, but do no damage.
The two-headed ogre hits you with a +0 giant club!!
Ouch! That really hurt!
The two-headed ogre hits you with a cursed -3 giant club.
* * * LOW HITPOINT WARNING * * *
You are too injured to fight recklessly!
You are too injured to fight recklessly!
You are too injured to fight recklessly!
You are too injured to fight recklessly!
Aiming: Corrosive Bolt
Press: ? - help, Shift-Dir - straight line, f - two-headed ogre
Aim: a two-headed ogre, wielding a +0 giant club and a -3 giant club The bolt of acid hits the two-headed ogre!
The two-headed ogre is splashed with acid!
The two-headed ogre is moderately wounded.
The two-headed ogre hits you with a +0 giant club!
You die...

.......# .......##
....#...#
...##...### #### ...
##....# #....
^..###..>## #.....
........## #......
....###..# ##O......
..# #..#
#####@....... .
##.###.(..........
#.................
#...##.............♣
.>..##
#.....#......♣♣
....# #.>#.##......♣
.... #..##..#8.....♣
... ...####.#......♣
#. #.. .#......♣


You could see a two-headed ogre.

Vanquished Creatures
  2 orc priests (D:4)
  2 orc wizards (D:4)
  8 adders
  3 adder skeletons (D:4)
  A dart slug (D:2)
  3 worms (D:2)
  2 leopard geckos
  An orc (D:4)
  A ball python (D:3)
  4 giant cockroaches
  8 goblins
  14 hobgoblins
  2 jackals (D:1)
  A quokka (D:3)
  8 bats
  6 frilled lizards
  13 kobolds
  10 rats
  2 rat zombies (D:3)
91 creatures vanquished.

Notes
Turn   | Place    | Note
-------+----------+-------------------------------------------
     0 | D:1      | Kairos the Vine Stalker Fighter began the quest for the
                  | Orb.
     0 | D:1      | Reached XP level 1. HP: 11/11 MP: 2/2
    46 | D:1      | Reached XP level 2. HP: 12/16 MP: 3/3
   253 | D:1      | Reached skill level 2 in Axes
   380 | D:1      | Reached XP level 3. HP: 18/20 MP: 4/4
   445 | D:1      | You fall through a shaft!
   530 | D:2      | Gained mutation: Your natural rate of healing is unusually
                  | fast. [Vine Stalker growth]
   530 | D:2      | Reached XP level 4. HP: 21/24 MP: 3/5
   755 | D:2      | Reached skill level 3 in Axes
  1014 | D:1      | You fall through a shaft!
  1386 | D:3      | Reached XP level 5. HP: 22/28 MP: 2/6
  1502 | D:3      | Found a transporter.
  1518 | D:3      | Found a transporter.
  1633 | D:3      | Found a stormy altar of Qazlal.
  1640 | D:3      | Found a snail-covered altar of Cheibriados.
  2051 | D:3      | Found an ancient bone altar of Kikubaaqudgha.
  2378 | D:4      | Reached XP level 6. HP: 13/32 MP: 3/7
  2391 | D:4      | Reached skill level 4 in Axes
  2485 | D:4      | Noticed a two-headed ogre
  2489 | D:4      | Slain by a two-headed ogre

Skill      XL: |  1  2  3  4  5  6 |
---------------+-------------------+-----
Fighting       | 3 |  3.2
Axes           | 2 3 4 |  4.0
Shields        | 3 |  3.9
Armour         | 3 |  3.2
Dodging        | |  0.4
Evocations     | |  0.3

Action                   |  1- 3 |  4- 6 || total
-------------------------+-------+-------++-------
Melee: War axe           |    69 |   114 ||   183
       Bite              |    22 |    32 ||    54
       Hand axe          |       |    10 ||    10
Evoke: Wand              |       |     2 ||     2
  Use: Potion            |       |     1 ||     1
  Eat: Chunk             |       |     5 ||     5
Armor: Scale mail        |    34 |    43 ||    77
Dodge: Dodged            |    28 |    26 ||    54
Block: Shield            |    35 |    76 ||   111
